 Seeded DCSS version 0.29.1-15-g9cfb28693d (webtiles) character file.

Game seed: 20230320 (custom seed)

39 Parcival the Conjurer (level 3, -5/21 HPs)
             Began as an Octopode Conjurer on Mar 20, 2023.
             Slain by a gnoll
             ... wielding a +0 spear
              (6 damage)
             ... on level 2 of the Dungeon.
             The game lasted 00:02:40 (1280 turns).

Parcival the Conjurer (Octopode Conjurer)           Turns: 1280, Time: 00:02:41

Health: -5/21      AC:  1    Str:  6    XL:     3   Next: 45%
Magic:  2/6        EV: 13    Int: 22    God:
Gold:   53         SH:  0    Dex: 10    Spells: 5/6 levels left

rFire   . . .      SeeInvis .   (no weapon)
rCold   . . .      Faith    .   (no shield)
rNeg    . . .      Spirit   .   (helmet restricted)
rPois   .          Reflect  .   (no amulet)
rElec   .          Harm     .   (no ring)
rCorr   .          Rampage  .   (no ring)
Will    .....                   (no ring)
Stlth   +++.......              (no ring)
HPRegen 0.07/turn               (no ring)
MPRegen 0.10/turn               (no ring)
                                (no ring)
                                (no ring)

@: no status effects
A: almost no armour, amphibious, 8 rings, camouflage 1, gelatinous body 1,
(nimble swimmer 1), tentacles
a: no special abilities


You were on level 2 of the Dungeon.
You visited 1 branch of the dungeon, and saw 2 of its levels.

You collected 53 gold pieces.

Inventory:

Armour
 h - a +0 pair of gloves of strength
Jewellery
 e - a ring of see invisible
Scrolls
 b - a scroll of enchant weapon {unknown}
 c - 3 scrolls of identify
 f - a scroll of fear {unknown}
 g - a scroll of enchant armour {unknown}
Potions
 a - a potion of magic
 d - a potion of lignification
 i - a potion of heal wounds {unknown}


   Skills:
 + Level 2.1 Dodging
 + Level 3.0 Stealth
 + Level 2.3 Spellcasting
 + Level 4.8 Conjurations


You had 5 spell levels left.
You knew the following spells:

 Your Spells              Type           Power      Damage    Failure   Level
a - Magic Dart            Conj           92%        1d7       1%          1

Your spell library contained the following spells:

 Spells                   Type           Power      Damage    Failure   Level
 Searing Ray              Conj           46%        2d6       2%          2
 Dazzling Flash           Conj/Hex       26%        N/A       14%         3
 Fulminant Prism          Conj/Hex       6%         3d7       43%         4
 Iskenderun's Mystic Bla  Conj/Tloc      13%        2d5       43%         4


Dungeon Overview and Level Annotations

Branches:
Dungeon (2/15)

Altars:


Innate Abilities, Weirdness & Mutations

You cannot wear most types of armour.
You are amphibious.
You can wear up to eight rings at the same time.
Your skin changes colour to match your surroundings (Stealth+).
Your rubbery body absorbs attacks. (AC +1, EV +1)
((You are camouflaged when in or above water. (Stealth+)))
You have tentacles for arms and can constrict up to eight enemies at once.


Message History

Casting: Magic Dart (safe; 1% risk of failure)
Confirm with . or Enter, or press ? or * to list all spells.
You don't have enough magic to cast this spell.
The gnoll closely misses you.
A gnoll comes into view. It is wielding a +0 spear.
The gnoll barely misses you.
Things that are here:
a +0 spear; 3 gold pieces The gnoll closely misses you.
The gnoll closely misses you. The gnoll attacks as you move away!
The gnoll barely misses you. The gnoll closely misses you.
The gnoll hits you with a +0 spear.
You barely miss the gnoll. You grab the gnoll.
You constrict the gnoll, but do no damage.
The gnoll barely misses you. The gnoll hits you with a +0 spear.
You tentacle-slap the gnoll. You squeeze the gnoll.
The gnoll is moderately wounded.
You constrict the gnoll, but do no damage.
The gnoll barely misses you. x2
You tentacle-slap the gnoll. You squeeze the gnoll.
The gnoll is severely wounded.
You constrict the gnoll, but do no damage.
The gnoll barely misses you. The gnoll hits you with a +0 spear!
You tentacle-slap the gnoll.
The gnoll is almost dead.
You constrict the gnoll. The gnoll closely misses you. The gnoll misses you.
You tentacle-slap the gnoll but do no damage.
The gnoll is almost dead.
You constrict the gnoll.
You kill the gnoll!
The gnoll hits you from afar with a +0 spear!
* * * LOW HITPOINT WARNING * * *
Found a lumpy cyan potion and a scroll labelled OCRAGUICAH.
Things that are here:
a +0 spear; a gnoll corpse The gnoll barely misses you.
You tentacle-slap the gnoll but do no damage.
You grab the gnoll. You constrict the gnoll.
The gnoll hits you with a +0 spear.
You die...

. .. #. #.
.##.## .....
#...# #...#
#...#
#####...######
.......@..?..##
.!.....g.......
.............##
#####...######
##..)####
#.......#
#....##.#
#....##.#
#.#.)##.#


You could see a gnoll.

Vanquished Creatures
  2 gnolls (D:2)
  3 dart slugs
  An endoplasm (D:1)
  3 hobgoblins (D:1)
  A quokka (D:1)
  2 ball pythons (D:1)
  A bat (D:1)
  A goblin (D:1)
  A kobold (D:1)
  A rat (D:1)
16 creatures vanquished.

Notes
Turn   | Place    | Note
-------+----------+-------------------------------------------
     0 | D:1      | Parcival the Octopode Conjurer began the quest for the Orb.
     0 | D:1      | Reached XP level 1. HP: 11/11 MP: 3/3
     2 | D:1      | Noticed a naga
     2 | D:1      | Noticed a draconian
     4 | D:1      | Noticed a formicid
     4 | D:1      | Noticed a demigod
     6 | D:1      | Noticed a vampire
     6 | D:1      | Noticed a palentonga
     9 | D:1      | Noticed a troll
    11 | D:1      | Noticed a felid
    11 | D:1      | Noticed a vine stalker
    13 | D:1      | Noticed an ogre
    13 | D:1      | Noticed an elf
    15 | D:1      | Noticed a minotaur
    15 | D:1      | Noticed a ghoul
    17 | D:1      | Noticed a spriggan
    19 | D:1      | Noticed a demonspawn
    19 | D:1      | Noticed a tengu
    21 | D:1      | Noticed an octopode
    21 | D:1      | Noticed a meteoran
    23 | D:1      | Noticed a gargoyle
    25 | D:1      | Noticed a felid
    25 | D:1      | Noticed a merfolk
    27 | D:1      | Noticed a human
    27 | D:1      | Noticed a minotaur
   553 | D:1      | Reached XP level 2. HP: 17/17 MP: 3/5
  1262 | D:2      | Reached XP level 3. HP: 21/21 MP: 0/6
  1272 | D:2      | HP: 1/21 [gnoll/+0 spear (9)]
  1280 | D:2      | Slain by a gnoll

Illustrated notes

Levels and vault maps discovered:
D:1:      kb_arrival_jail, layout_loops_corners, minmay_strange_pillars
D:2:      minmay_door_path, layout_loops_cross, uniq_jessica

Skill      XL: |  1  2 |
---------------+-------+-----
Stealth        | 3 |  3.0
Dodging        | |  2.1
Spellcasting   | |  2.3
Conjurations   | |  4.8

Action                   || total
-------------------------++-------
Melee: Unarmed           ||    10
       Constrict         ||     3
       Tentacles         ||     3
 Cast: Magic Dart        ||    31
  Use: Scroll            ||     2
Dodge: Dodged            ||    18
